 Dungeon Crawl Stone Soup version 0.28-a0-779-g3d1f99b579 (webtiles) character file.

Game seed: 1986342026951409553

197 Sweetruy1997 the Conjurer (level 5, -4/36 HPs)
             Began as a Mummy Conjurer on Oct 29, 2021.
             Slain by a sky beast (5 damage)
             ... on level 3 of the Dungeon on Nov 2, 2021.
             The game lasted 00:09:26 (3627 turns).

Sweetruy1997 the Conjurer (Mummy Conjurer)          Turns: 3627, Time: 00:09:26

Health: -4/36      AC:  2    Str: 11    XL:     5   Next: 46%
Magic:  3/11       EV: 12    Int: 18    God:
Gold:   35         SH:  0    Dex: 10    Spells: 0/12 levels left

rFire   x . .      SeeInvis .   b - +0 whip
rCold   + . .      Faith    .   (no shield)
rNeg    + + +      Spirit   .   a - +0 robe
rPois   ∞          Reflect  .   (no helmet)
rElec   .          Harm     .   (no cloak)
rCorr   .          Rampage  .   (no gloves)
Will    .....                   (no boots)
Stlth   ++........              (no amulet)
HPRegen 0.12/turn               (no ring)
MPRegen 0.12/turn               (no ring)

@: no status effects
A: cold resistance 1, negative energy resistance 3, torment resistance 2, heat
vulnerability 1, no potions
a: no special abilities


You were on level 3 of the Dungeon.
You visited 1 branch of the dungeon, and saw 3 of its levels.

You collected 101 gold pieces.
You spent 66 gold pieces at shops.

Inventory:

Hand Weapons
 b - a +0 whip (weapon)
Armour
 a - a +0 robe (worn)
Scrolls
 c - a scroll of silence
 d - a scroll of identify
 e - a scroll of magic mapping


   Skills:
 + Level 0.8 Fighting
 + Level 1.0 Maces & Flails
 - Level 2.0 Dodging
 - Level 2.0 Stealth
 + Level 4.2 Spellcasting
 + Level 4.5 Conjurations


You couldn't memorise any spells.
You knew the following spells:

 Your Spells              Type           Power      Damage    Failure   Level
a - Magic Dart            Conj           80%        1d7       2%          1
b - Searing Ray           Conj           40%        2d5       3%          2
c - Dazzling Flash        Conj/Hex       22%        N/A       17%         3
d - Fulminant Prism       Conj/Hex       5%         3d7       50%         4
e - Corpse Rot            Necr/Air       6%         N/A       22%         2

Your spell library contained the following spells:

 Spells                   Type           Power      Damage    Failure   Level
 Poisonous Vapours        Pois/Air       6%         N/A       22%         2
 Iskenderun's Mystic Bla  Conj/Tloc      11%        2d4       50%         4


Dungeon Overview and Level Annotations

Branches:
Dungeon (3/15)

Altars:
Makhleb

Shops:
D:2 ?*:*(   D:3 [


Innate Abilities, Weirdness & Mutations

You are immune to poison.
Your flesh is cold resistant. (rC+)
You are immune to negative energy. (rN+++)
You are immune to unholy pain and torment.
You are vulnerable to heat. (rF-)
You do not drink.


Message History

Found a leather armour.
You see here a +0 leather armour.
A sky beast comes into view.
Casting: Magic Dart (safe; 2% risk of failure)
Confirm with . or Enter, or press ? or * to list all spells.
Aiming: Searing Ray (safe; 3% risk of failure)
Press: ? - help, Shift-Dir - straight line The searing ray hits the sky beast!
The sky beast is moderately wounded. (Press . to maintain the ray.)
The sky beast hits you. The sky beast shocks you.
The searing ray misses the sky beast.
The sky beast flickers out of sight!
Deactivating autopickup; reactivate with Ctrl-A.
Something hits you. Something shocks you.
The searing ray hits something.
Something hits you. Something shocks you.
The searing ray hits something.
You finish channelling your searing ray.
Something barely misses you. Something hits you but does no damage.
Casting: Searing Ray (safe; 3% risk of failure)
Confirm with . or Enter, or press ? or * to list all spells.
You can't see any susceptible monsters within range! (Use Z to cast anyway.) Unknown command.
Casting: Searing Ray (safe; 3% risk of failure)
Confirm with . or Enter, or press ? or * to list all spells.
You can't see any susceptible monsters within range! (Use Z to cast anyway.)
Casting: Searing Ray (safe; 3% risk of failure)
Confirm with . or Enter, or press ? or * to list all spells.
Aiming: Searing Ray (safe; 3% risk of failure)
Press: ? - help, Shift-Dir - straight line The searing ray hits something! (Press . to maintain the ray.)
Something hits you.
* * * LOW HITPOINT WARNING * * *
Something shocks you.
* * * LOW HITPOINT WARNING * * *
Something hits you.
* * * LOW HITPOINT WARNING * * *
Something shocks you.
You die...

#####......#.# ###.# #.....(.
#.)........#.# #.# #.##.#.#
#†##.......#.# #.###.##....
#.#........#.# #..........#
#<#........#.# ######.....#
#.##########.# ######.....#
#............# #...>......'
###################.####.....#
#..{@....#.# #.....#
#.#####...[# #.....# #. ######
#...<.# #. ####### .. .. .#.
##.


There were no monsters in sight!

Vanquished Creatures
  Jessica (D:2)
  Natasha (thrice) (D:2)
  3 gnolls (D:2)
  3 worms
  2 dart slugs
  An orc (D:3)
  5 ball pythons
  4 endoplasms
  2 giant cockroaches
  5 goblins
  7 hobgoblins
  4 jackals (D:1)
  6 kobolds
  A quokka (D:2)
  3 bats
  A frilled lizard (D:1)
  3 rats
54 creatures vanquished.

Notes
Turn   | Place    | Note
-------+----------+-------------------------------------------
     0 | D:1      | Sweetruy1997 the Mummy Conjurer began the quest for the
                  | Orb.
     0 | D:1      | Reached XP level 1. HP: 13/13 MP: 4/4
   307 | D:1      | Reached XP level 2. HP: 19/19 MP: 2/5
   812 | D:1      | Learned a level 2 spell: Searing Ray
   840 | D:1      | Upgraded the game from 0.28-a0-750-g7c675f85b1 to
                  | 0.28-a0-779-g3d1f99b579
  1164 | D:2      | Found Lefocexu's Magic Scroll Emporium.
  1180 | D:2      | Bought a scroll of identify for 22 gold pieces
  1180 | D:2      | Bought a scroll of identify for 22 gold pieces
  1180 | D:2      | Bought a scroll of identify for 22 gold pieces
  1371 | D:2      | Found a faded altar of an unknown god.
  1380 | D:2      | Reached XP level 3. HP: 25/25 MP: 0/7
  1539 | D:2      | Found Hugitil's Weapon Shop.
  1604 | D:2      | Found Ablid's Assorted Antiques.
  1690 | D:2      | Noticed Natasha
  1706 | D:2      | Killed Natasha
  1707 | D:2      | Reached XP level 4. HP: 13/31 MP: 1/9
  1931 | D:2      | Found Yggises's Book Boutique.
  2107 | D:2      | Noticed Jessica
  2110 | D:2      | Killed Jessica
  2235 | D:2      | Noticed Natasha
  2239 | D:2      | Killed Natasha
  2240 | D:2      | Reached XP level 5. HP: 29/36 MP: 4/11
  2244 | D:2      | Learned a level 3 spell: Dazzling Flash
  2244 | D:2      | Noticed Natasha
  2249 | D:2      | Learned a level 4 spell: Fulminant Prism
  2263 | D:2      | Killed Natasha
  2356 | D:2      | Found Weome's Assorted Antiques.
  2953 | D:3      | Reached skill level 1 in Maces & Flails
  3176 | D:3      | Found Denif's Antique Armour Boutique.
  3304 | D:3      | Found a burning altar of Makhleb.
  3333 | D:3      | Learned a level 2 spell: Corpse Rot
  3618 | D:3      | Noticed a sky beast
  3627 | D:3      | HP: 1/36 [something (1)]
  3627 | D:3      | Slain by a sky beast

Illustrated notes

Levels and vault maps discovered:
D:1:      nicolae_arrival_washed_ashore, layout_basic
D:2:      layout_basic, hellmonk_ecumenical_altar_run_dry, serial_shops,
          nicolae_square_shop, nicolae_shop_waterfront,
          nicolae_shop_statue_plus, nicolae_shop_trees, nicolae_lakefront_shop,
          uniq_jessica, uniq_natasha
D:3:      layout_basic, lemuel_tele_altar, serial_shops, shop,
          serial_co_window_serial, co_window_corner_a, co_window_paths_a,
          co_window_corner_a, co_window_paths_b, co_window_of_opportunity_a,
          co_window_broadway_a, co_window_corner_cb, co_window_of_opportunity_c,
          glass_columns_a, glass_columns_b, glass_columns_a, glass_columns_c,
          glass_columns_a

Skill      XL: |  1  2  3  4  5 |
---------------+----------------+-----
Spellcasting   | 3 4 |  4.2
Conjurations   | 4 |  4.5
Stealth        | 2 |  2.0
Dodging        | 2 |  2.0
Maces & Flails | 1 |  1.0
Fighting       | |  0.8

Action                   |  1- 3 |  4- 6 || total
-------------------------+-------+-------++-------
Melee: Unarmed           |     8 |       ||     8
       Whip              |    15 |    21 ||    36
 Cast: Magic Dart        |    60 |    49 ||   109
       Searing Ray       |     2 |     6 ||     8
       Corpse Rot        |       |     1 ||     1
  Use: Scroll            |     1 |     2 ||     3
 Stab: Sleeping          |     1 |       ||     1
Armor: Robe              |     2 |     3 ||     5
Dodge: Dodged            |    17 |    15 ||    32

Table legend: (Time is in decaauts)
 A = Elapsed time spent in this place.
 B = Non-inter-level travel time spent in this place.
 C = Inter-level travel time spent in this place.
 D = Time resting spent in this place.
 E = Time spent auto-exploring this place.
 F = Levels seen in this place.
 G = Mean time per level.
                   A        B        C        D        E       F      G
               +--------+--------+--------+--------+--------+-----+--------+
         Total |   3630 |   3486 |    144 |    205 |   2869 |   3 | 1210.0 |
       Dungeon |   3630 |   3486 |    144 |    205 |   2869 |   3 | 1210.0 |
               +--------+--------+--------+--------+--------+-----+--------+

Top non-repeatable levels by time:
     D:2: 1338 daAuts
     D:1: 1229 daAuts
     D:3: 1062 daAuts
